cohdb
Replays
Latest Replays
All Replays
Popular Replays
Top Player Replays
Match Explorer
How It Works
Community
CoH3 Stats
Reddit
Sign in to upload your games and track your stats! →
Sign in with Steam
Match 42815245
Unlisted
Match 42815245
Overview
Messages
Build Orders
End
Construct Barracks
Selects Heavy Weapons
Scout Squad
1⁄4-ton 4x4 Truck
Riflemen Squad
Riflemen Squad
Infantry Support Center
Construct Weapon Support Center
M3 Armored Personnel Carrier
Selects Assault Carriers
Engineer Squad
Construct Medical Station
Selects Exchangeable Parts
Selects M2HB .50cal Heavy Machine Gun
M1919 Machine Gun Team
M1918 Browning Automatic Rifles
M3 Assault Carrier
Grenade Package
Riflemen Squad
Bazooka Squad
Construct Motor Pool
M1 Anti-tank Gun Team
Selects M26 Pershing Heavy Tank
Selects Gallant Stand
M26 Pershing Heavy Tank
Engineer Squad
Selects Black Dragon Artillery Barrage
Black Dragon Artillery Barrage
TantheMan415
Trion
0
0
Comments
sign in to comment!
No comments posted yet!